 Dungeon Crawl Stone Soup version 0.30-a0-534-gdc55766716 (webtiles) character file.

Game seed: 12054180503908049881

4647 p00ps00p the Cleaver (level 10, -21/93 HPs)
             Began as a Hill Orc Fighter on Dec 25, 2022.
             Was an Initiate of Gozag.
             Demolished by Gastronok (31 damage)
             ... on level 8 of the Dungeon.
             The game lasted 00:16:52 (9686 turns).

p00ps00p the Cleaver (Hill Orc Fighter)             Turns: 9686, Time: 00:16:53

Health: -21/93     AC: 18    Str: 30    XL:     10   Next: 43%
Magic:  10/10      EV:  8    Int:  8    God:    Gozag
Gold:   1062       SH:  6    Dex: 16    Spells: 9/9 levels left

rFire   . . .      SeeInvis .    a - +4 war axe
rCold   . . .      Faith    .    c - +0 buckler
rNeg    . . .      Spirit   .    t - +0 chain mail
rPois   .          Reflect  .    u - +2 hat
rElec   .          Harm     .    o - +2 cloak
rCorr   .          Rampage  .    (no gloves)
Will    .....                    b - +0 pair of boots Stlth
                                 (no amulet)
HPRegen 0.35/turn                y - +6 ring of strength
MPRegen 0.12/turn                k - +6 ring of dexterity

@: no status effects
A: no striking features
a: Renounce Religion, Potion Petition, Call Merchant, Bribe Branch


You were on level 8 of the Dungeon.
You worshipped Gozag.
Gozag was most pleased with you.
You visited 2 branches of the dungeon, and saw 9 of its levels.

You collected 1733 gold pieces.
You paid 671 gold pieces to Gozag.

Inventory:

Hand Weapons
 a - a +4 war axe (weapon)
 l - a +2 vorpal hand axe
Missiles
 z - a throwing net (quivered)
Armour
 b - a +0 pair of boots (worn)
 c - a +0 buckler (worn)
 o - a +2 cloak (worn)
 p - a +2 ring mail of cold resistance
 t - a +0 chain mail (worn)
 u - a +2 hat (worn)
Jewellery
 g - a ring of willpower
 k - a +6 ring of dexterity (right hand)
 w - an amulet of the acrobat
 y - a +6 ring of strength (left hand)
Wands
 d - a wand of charming (7)
 A - a wand of flame (17)
 B - a wand of polymorph (10)
Scrolls
 h - a scroll of enchant armour
 j - a scroll of poison
 m - a scroll of blinking {unknown}
 x - a scroll of magic mapping
 C - a scroll of fog
Potions
 e - a potion of magic
 f - 3 potions of lignification
 i - a potion of cancellation
 n - a potion of attraction
 q - a potion of mutation
 s - a potion of degeneration
 v - a potion of invisibility {unknown}


   Skills:
 + Level 9.8 Fighting
 + Level 10.1 Axes
 + Level 8.9 Armour
 + Level 8.9 Shields


You had 9 spell levels left.
You didn't know any spells.
Your spell library was empty.

Dungeon Overview and Level Annotations

Branches:
Dungeon (8/15)             Temple (1/1) D:4
   Lair: D:8-11

Altars:
Ashenzari
Cheibriados
Dithmenos
Fedhas
Gozag
Hepliaklqana
Kikubaaqudgha
Makhleb
Nemelex Xobeh
Qazlal
Ru
Trog
Uskayaw
Vehumet
Wu Jian
Xom
Yredelemnul
Zin
The Shining One

Shops:
D:5 [

Annotations:
D:8 Gastronok


Message History

Gastronok is lightly wounded.
Unknown command.
You slash Gastronok!
Gastronok is moderately wounded.
Gastronok closely misses you.
You hit Gastronok.
Gastronok is moderately wounded.
You hit Gastronok.
Gastronok is moderately wounded.
Gastronok bites you!
You hit Gastronok.
Gastronok is moderately wounded.
You slash Gastronok!
Gastronok is moderately wounded.
Gastronok bites you!!
You slash Gastronok!
Gastronok is heavily wounded.
You slash Gastronok!
Gastronok is heavily wounded.
Gastronok looks at you and mumbles some strange words.
You barely resist. You slash Gastronok!
Gastronok is severely wounded.
You completely miss Gastronok.
Gastronok is severely wounded.
Gastronok waves his eye-stalks in wide circles.
The air twists around and strikes you!
* * * LOW HITPOINT WARNING * * *
You slash Gastronok!
Gastronok is severely wounded.
Gastronok bites you!
* * * LOW HITPOINT WARNING * * *
You hit Gastronok.
Gastronok is severely wounded.
You slash Gastronok!
Gastronok is almost dead.
Gastronok makes a strange noise.
Gastronok bites you!!
You die...
Your body crumbles into a pile of gold.

##.......# ##......#
####..## #..###
###..#.# #......#
#.$....## #### #
#.......#### #..## ##
#...w@.....####...###.
##.:.............###..
##.....######........
#....## #....##...
#.....# #...######
#...#### #...# # #..#
#..## # ..# #..# #
#.## ##


You could see Gastronok (swift).

Vanquished Creatures
  Psyche (D:8)
  Grinder (D:3)
  3 yaks
  A wyvern (D:7)
  A steam dragon (D:8)
  Menkaure (D:4)
  Duvessa (D:4)
  An ice beast (D:7)
  2 orc warriors
  2 black bears
  An ogre (D:7)
  4 centaurs
  2 phantoms
  A kobold brigand (D:8)
  2 bullfrogs
  2 necrophages
  A scorpion (D:7)
  3 wights (D:5)
  Dowan (D:4)
  10 killer bees (D:7)
  4 howler monkeys
  4 crimson imps (D:6)
  3 jellies
  A gnoll bouda (D:7)
  5 orc priests
  2 hounds
  4 iguanas
  3 orc wizards
  10 gnolls
  11 adders
  7 shadow imps
  3 white imps
  4 ufetubi
  A worm (D:5)
  3 dart slugs
  22 orcs
  9 bats
  4 endoplasms
  4 giant cockroaches
  11 goblins
  5 hobgoblins
  13 jackals
  5 quokkas
  3 ball pythons
  A frilled lizard (D:3)
  12 kobolds
  5 rats
200 creatures vanquished.

Vanquished Creatures (others)
  An orc (D:6)
1 creature vanquished.

Grand Total: 201 creatures vanquished

Notes
Turn   | Place    | Note
-------+----------+-------------------------------------------
     0 | D:1      | p00ps00p the Hill Orc Fighter began the quest for the Orb.
     0 | D:1      | Reached XP level 1. HP: 19/19 MP: 1/1
    32 | D:1      | Reached XP level 2. HP: 22/27 MP: 2/2
    33 | D:1      | Reached skill level 3 in Axes
   392 | D:1      | You fall into a shaft and drop 1 floor!
   400 | D:2      | Reached XP level 3. HP: 33/33 MP: 3/3
   840 | D:1      | Reached XP level 4. HP: 41/41 MP: 4/4
  1330 | D:2      | Found a faded altar of an unknown god.
  1573 | D:3      | Reached skill level 4 in Axes
  1638 | D:3      | Reached XP level 5. HP: 47/47 MP: 5/5
  2125 | D:3      | Noticed Grinder
  2133 | D:3      | Paralysed by Grinder for 5 turns
  2149 | D:3      | Paralysed by Grinder for 4 turns
  2153 | D:3      | Killed Grinder
  2154 | D:3      | Reached skill level 5 in Fighting
  2154 | D:3      | Reached skill level 5 in Axes
  2154 | D:3      | Reached XP level 6. HP: 45/56 MP: 6/6
  2265 | D:4      | Found a glowing silver altar of Zin.
  2287 | D:4      | Identified the +0 scale mail of the Turtle {rPois Int+4}
  2339 | D:4      | Reached skill level 5 in Shields
  2419 | D:4      | Reached skill level 5 in Armour
  2419 | D:4      | Reached XP level 7. HP: 60/62 MP: 7/7
  2504 | D:4      | Found a snail-covered altar of Cheibriados.
  2543 | D:4      | Found a staircase to the Ecumenical Temple.
  2562 | Temple   | Entered the Ecumenical Temple
  2662 | Temple   | Became a worshipper of Gozag Ym Sagoz the Greedy
  2720 | D:4      | Noticed Menkaure
  2764 | D:4      | Killed Menkaure
  3371 | D:4      | Found a burning altar of Makhleb.
  3404 | D:4      | Found a sparkling altar of Nemelex Xobeh.
  3443 | D:4      | Noticed Duvessa
  3443 | D:4      | Noticed Dowan
  3454 | D:4      | Killed Dowan
  3455 | D:4      | Reached skill level 6 in Axes
  3465 | D:4      | Killed Duvessa
  3466 | D:4      | Reached XP level 8. HP: 15/71 MP: 8/8
  3938 | D:5      | Entered Level 5 of the Dungeon
  4123 | D:5      | Found an ornate altar of the Wu Jian Council.
  4579 | D:5      | Found a radiant altar of Vehumet.
  4602 | D:5      | Reached skill level 7 in Axes
  5381 | D:5      | Identified a scroll of acquirement
  5381 | D:5      | Acquired 524 gold pieces
  5459 | D:6      | HP: 3/73 [orc warrior/+0 scimitar (9)]
  5464 | D:6      | Reached XP level 9. HP: 29/79 MP: 9/9
  5711 | D:6      | Found a shimmering altar of Xom.
  5723 | D:6      | Reached skill level 8 in Axes
  6455 | D:7      | Reached skill level 9 in Axes
  6758 | D:7      | Identified the +11 dagger of the Final Chapter {freeze, rF+
                  | Str+4}
  7077 | D:7      | Reached XP level 10. HP: 68/91 MP: 10/10
  7231 | D:7      | Found a shadowy altar of Dithmenos.
  7884 | D:8      | Found a stormy altar of Qazlal.
  7909 | D:8      | Noticed Psyche
  7926 | D:8      | Killed Psyche
  8637 | D:7      | HP: 3/91 [yak (10)]
  8639 | D:7      | Reached skill level 10 in Axes
  9665 | D:8      | Noticed Gastronok
  9686 | D:8      | Demolished by Gastronok

Illustrated notes

Levels and vault maps discovered:
D:1:      dpeg_arrival_radiant, layout_basic, kennysheep_minor_cross
D:2:      layout_rooms, ebering_ecumenical_altar_sacrificial, minivault_14,
          minmay_misc_feat_pillars, minivault_23, minmay_tetromino_o4
D:3:      layout_loops_ring, uniq_grinder
D:4:      layout_cave_pools, kennysheep_mini, zin_statuary,
          nemelex_diamond_rough_becter, old_standard_altar,
          minmay_temple_entry_wispy, uniq_duvessa, uniq_menkaure
D:5:      layout_loops_corners, nicolae_wu_jian_immortal_techniques,
          nicolae_vehumet_altar_sigil, serial_demonic, serial_demonic_g,
          serial_demonic_c, serial_demonic_a, serial_demonic_f,
          grunt_ministairs_15
D:6:      layout_loops_cross, led_xom_imps, kennysheep_doodads
D:7:      layout_basic, amcnicky_altar_gilded
D:8:      layout_cave_pods, overflow_temple_1_default, uniq_psyche,
          uniq_gastronok
Temple:   hellmonk_temple_beads

Skill      XL: |  1  2  3  4  5  6  7  8  9 10 |
---------------+-------------------------------+-----
Axes           | 3 4 5 6 7 9 10 | 10.1
Fighting       | 4 5 6 7 9 |  9.8
Shields        | 4 5 6 8 |  8.9
Armour         | 4 5 6 8 |  8.9

Action                   |  1- 3 |  4- 6 |  7- 9 | 10-12 || total
-------------------------+-------+-------+-------+-------++-------
Melee: War axe           |    99 |   166 |   264 |    92 ||   621
Invok: Call Merchant     |       |       |     1 |       ||     1
Evoke: Wand              |       |       |    16 |    13 ||    29
  Use: Scroll            |     2 |     6 |    11 |     7 ||    26
       Potion            |       |       |     7 |       ||     7
Armor: Scale mail        |    52 |    44 |       |       ||    96
       Ring mail         |       |    42 |     3 |       ||    45
       Chain mail        |       |       |   169 |    58 ||   227
Dodge: Dodged            |    71 |    81 |   129 |    26 ||   307
Block: Buckler           |    35 |    40 |    95 |    36 ||   206

Table legend: (Time is in decaauts)
 A = Elapsed time spent in this place.
 B = Non-inter-level travel time spent in this place.
 C = Inter-level travel time spent in this place.
 D = Time resting spent in this place.
 E = Time spent auto-exploring this place.
 F = Levels seen in this place.
 G = Mean time per level.
                   A        B        C        D        E       F      G
               +--------+--------+--------+--------+--------+-----+--------+
         Total |   9784 |   9563 |    221 |   2802 |   5228 |   9 | 1087.1 |
       Dungeon |   9670 |   9462 |    208 |   2802 |   5139 |   8 | 1208.8 |
        Temple |    113 |    100 |     13 |      0 |     89 |   1 |  113.0 |
               +--------+--------+--------+--------+--------+-----+--------+

Top non-repeatable levels by time:
     D:4: 1751 daAuts
     D:7: 1684 daAuts
     D:8: 1669 daAuts
     D:5: 1330 daAuts
     D:1: 911 daAuts
     D:6: 895 daAuts
     D:3: 751 daAuts
     D:2: 676 daAuts
  Temple: 113 daAuts
